 Dungeon Crawl Stone Soup version 0.29-a0-1065-g47a6bb87d6 (webtiles) character file.

Game seed: 12198835266222835108

5128 quixfox the Destroyer (level 10, -4/70 HPs)
             Began as a Demonspawn Conjurer on Aug 18, 2022.
             Was an Initiate of Vehumet.
             Slain by a komodo dragon (14 damage)
             ... on level 7 of the Dungeon.
             The game lasted 00:46:20 (10469 turns).

quixfox the Destroyer (Demonspawn Conjurer)        Turns: 10469, Time: 00:46:21

Health: -4/70      AC: 15    Str:  8    XL:     10   Next: 33%
Magic:  10/21      EV: 10    Int: 24    God:    Vehumet [......]
Gold:   359        SH:  0    Dex: 17    Spells: 10/24 levels left

rFire   + . .      SeeInvis .   i - +2 spear of the Queen {flame, rElec rF+ Will+}
rCold   . . .      Faith    .   (no shield)
rNeg    . . .      Spirit   .   y - +2 ring mail {rPois}
rPois   +          Reflect  .   G - +1 helmet
rElec   +          Harm     .   (no cloak)
rCorr   .          Rampage  .   (gloves unavailable)
Will    +....                   n - +0 pair of boots
Stlth   +.........              j - amulet of magic regeneration
HPRegen 0.21/turn               h - +6 ring of dexterity
MPRegen 0.57/turn               D - ring of flight

@: flying
A: yellow scales 2, ignite blood 1, demonic touch 3
a: Renounce Religion


You were on level 7 of the Dungeon.
You worshipped Vehumet.
Vehumet was noncommittal.
You visited 2 branches of the dungeon, and saw 8 of its levels.
You also visited: Bailey.

You collected 359 gold pieces.

Inventory:

Hand Weapons
 i - the +2 spear of the Queen (weapon) {flame, rElec rF+ Will+}
   (You found it on level 7 of the Dungeon)

   It burns those it strikes, dealing additional fire damage.
   rF:        It protects you from fire.
   rElec:     It insulates you from electricity.
   Will:      It increases your willpower.
 F - a +4 flail of protection
Armour
 n - a +0 pair of boots (worn)
 y - a +2 ring mail of poison resistance (worn)
 G - a +1 helmet (worn)
Magical Staves
 m - a staff of fire
Jewellery
 a - a ring of protection from cold
 e - a ring of willpower
 h - a +6 ring of dexterity (left hand)
 j - an amulet of magic regeneration (around neck)
 u - a ring of willpower
 D - a ring of flight (right hand)
Wands
 f - a wand of roots (13)
 l - a wand of mindburst (12)
Scrolls
 g - a scroll of immolation
 t - 3 scrolls of fear
 v - 2 scrolls of fog
 z - 2 scrolls of enchant armour
 C - a scroll of teleportation
Potions
 b - 2 potions of magic
 c - 2 potions of ambrosia {unknown}
 d - 2 potions of invisibility {unknown}
 k - 2 potions of brilliance {unknown}
 o - 4 potions of curing
 p - 3 potions of resistance
 q - a potion of attraction {unknown}
 r - 3 potions of mutation {unknown}
 s - 2 potions of haste
 w - 4 potions of flight
 x - a potion of lignification {unknown}
 A - 2 potions of heal wounds
 E - 2 potions of cancellation {unknown}


   Skills:
 + Level 3.5 Fighting
 * Level 6.8 Armour
 - Level 1.7 Dodging
 - Level 1.7 Stealth
 + Level 7.7 Spellcasting
 * Level 9.3 Conjurations
 + Level 4.8 Translocations


You had 10 spell levels left.
You knew the following spells:

 Your Spells              Type           Power      Damage    Failure   Level
a - Magic Dart            Conj           100%       1d8       1%          1
b - Searing Ray           Conj           100%       2d8       1%          2
c - Iskenderun's Mystic   Conj/Tloc      43%        2d10      10%         4
d - Manifold Assault      Tloc           32%        N/A       56%         5
e - Blink                 Tloc           64%        N/A       3%          2

Your spell library contained the following spells:

 Spells                   Type           Power      Damage    Failure   Level
 Dazzling Flash           Conj/Hex       62%        N/A       8%          3
 Ensorcelled Hibernation  Hex/Ice        18%        N/A       26%         2
 Passwall                 Tmut/Erth      7%         N/A       26%         2
 Poisonous Vapours        Pois/Air       18%        N/A       26%         2
 Sublimation of Blood     Necr           9%         N/A       26%         2
 Wereblood                Tmut           9%         N/A       26%         2
 Fulminant Prism          Conj/Hex       15%        3d11      26%         4
 Hailstorm                Conj/Ice       31%        3d8       26%         4
 Frozen Ramparts          Ice            18%        1d3       45%         3
 Swiftness                Air            9%         N/A       45%         3
 Alistair's Intoxication  Tmut/Pois      6%         N/A       99%         5
 Ozocubu's Refrigeration  Ice            4%         4d8       100%        7
 Storm Form               Tmut/Air       4%         N/A       100%        7
 Summon Hydra             Summ           4%         N/A       100%        7


Dungeon Overview and Level Annotations

Branches:
Dungeon (7/15)             Temple (1/1) D:7          Bailey (visited)

Altars:
Fedhas
Gozag
Hepliaklqana
Makhleb
Nemelex Xobeh
Sif Muna
Trog
Vehumet
Xom

Annotations:
D:6 1 runed translucent door, avis's ghost, novice DgIE


Innate Abilities, Weirdness & Mutations

You are mostly covered in yellow scales. (AC +3)
Your demonic aura sometimes causes spilled blood to erupt in flames.
Your touch may irresistibly damage your foes and sap their willpower.


Message History

You finish channelling your searing ray.
Casting: Searing Ray (safe; 1% risk of failure)
Confirm with . or Enter, or press ? or * to list all spells.
Aiming: Searing Ray (safe; 1% risk of failure)
Press: ? - help, Shift-Dir - straight line, f/p - orc warrior
Aim: an orc warrior, wielding a +1 dire flail of protection and wearing a +0 chain mail (almost dead, 81% to hit)
The searing ray hits the komodo dragon!
The komodo dragon is severely wounded.
The searing ray hits the orc warrior but does no damage.
The orc warrior is almost dead. (Press . to maintain the ray.)
The komodo dragon bites you!!
The searing ray hits the komodo dragon.
The komodo dragon is severely wounded.
The searing ray hits the orc warrior but does no damage.
The orc warrior is almost dead.
The komodo dragon bites you but does no damage.
The searing ray hits the komodo dragon but does no damage.
The komodo dragon is severely wounded.
The searing ray hits the orc warrior but does no damage.
The orc warrior is almost dead.
The komodo dragon misses you.
The searing ray hits the komodo dragon.
The komodo dragon is almost dead.
The searing ray hits the orc warrior but does no damage.
The orc warrior is almost dead.
You finish channelling your searing ray.
The komodo dragon bites you!!
* * * LOW HITPOINT WARNING * * *
Casting: Searing Ray (safe; 1% risk of failure)
Confirm with . or Enter, or press ? or * to list all spells.
Aiming: Searing Ray (safe; 1% risk of failure)
Press: ? - help, Shift-Dir - straight line, f/p - orc warrior
Aim: an orc warrior, wielding a +1 dire flail of protection and wearing a +0 chain mail (almost dead, 81% to hit)
The searing ray hits the komodo dragon.
The komodo dragon is almost dead.
The searing ray misses the orc warrior. (Press . to maintain the ray.)
The komodo dragon bites you!
You die...

.......######### #......##.
###............####### #.###..###
.....................###.# #..# #
####################..##.#*#..#*#
,,,*,*,,,*##*#.#***#..[..#,....,.
,,,*,*,,,*#.,#.#,,*#.#.#.#.##.###
,,+*,*+,,*#..#..,,*#...#.#.*#.#
***,,,*#####.#.#####.###.#.*#.#
,,,,⌠,,.......ol@..#.# #...,,,*
***,,,**######.#.###.#*###.###*
,,+*,*+,,*#...†#..##..* #.#.##
,,,*,*,,,*#..#)#..##.,*###....###
,,,*,*,,,*####.#####..,,..)......
##############)#####..#*##....#**
.........##.#.#.#.##..###....#*
.#.#.#.#.#.........#..##.#.#.###
.........##.#.#.#.##..##.#.....#


You could see a komodo dragon and an orc warrior.

Vanquished Creatures
  Pikel (D:4)
  Maggie (D:6)
  A shadow (D:5)
  Eustachio (D:6)
  2 steam dragons (D:7)
  Edmund (D:6)
  2 water moccasins
  An ice beast (D:7)
  9 orc warriors (Bailey)
  A black bear (D:5)
  3 ogres
  7 centaurs
  3 phantoms
  A kobold brigand (D:6)
  A lemure (D:4)
  2 bullfrogs
  2 gnoll sergeants
  Blork the orc (D:5)
  3 necrophages
  A scorpion (D:5)
  A wight (D:7)
  2 howler monkeys (D:7)
  A crimson imp (D:6)
  2 gnoll boudas
  An orc priest (D:4)
  2 hounds (D:4)
  An iguana (D:5)
  Natasha (D:2)
  5 orc wizards
  7 adders
  17 gnolls
  2 white imps
  An ufetubus (D:4)
  3 worms
  A dart slug (D:4)
  28 orcs
  14 ball pythons
  An endoplasm (D:1)
  2 giant cockroaches
  7 goblins
  7 hobgoblins
  8 jackals
  20 kobolds
  6 quokkas
  9 bats
  2 frilled lizards
  9 rats
204 creatures vanquished.

Vanquished Creatures (others)
  A bush (D:5)
1 creature vanquished.

Grand Total: 205 creatures vanquished

Notes
Turn   | Place    | Note
-------+----------+-------------------------------------------
     0 | D:1      | quixfox the Demonspawn Conjurer began the quest for the
                  | Orb.
     0 | D:1      | Reached XP level 1. HP: 13/13 MP: 3/3
   108 | D:1      | You fall into a shaft and drop 1 floor!
   246 | D:2      | Gained mutation: Your demonic aura sometimes causes spilled
                  | blood to erupt in flames. [demonic ancestry]
   246 | D:2      | Reached XP level 2. HP: 19/19 MP: 0/5
   864 | D:1      | Got the Incunabulum of the Frigorific Birds
  1186 | D:1      | Gained mutation: You are partially covered in yellow
                  | scales. (AC +2) [demonic ancestry]
  1186 | D:1      | Reached XP level 3. HP: 24/24 MP: 5/7
  1450 | D:1      | Found a faded altar of an unknown god.
  1627 | D:1      | Learned a level 2 spell: Searing Ray
  1914 | D:2      | Noticed Natasha
  1918 | D:2      | Killed Natasha
  1919 | D:2      | Reached skill level 5 in Conjurations
  1919 | D:2      | Gained mutation: Your touch may inflict minor irresistible
                  | damage on your foes. [demonic ancestry]
  1919 | D:2      | Reached XP level 4. HP: 30/30 MP: 5/9
  2525 | D:3      | Found an opulent altar of Gozag.
  3049 | D:3      | Found a bloodstained altar of Trog.
  3126 | D:4      | Found a sparkling altar of Nemelex Xobeh.
  3182 | D:4      | Reached XP level 5. HP: 35/35 MP: 8/10
  3216 | D:4      | Reached skill level 1 in Armour
  3266 | D:4      | Learned a level 4 spell: Iskenderun's Mystic Blast
  3332 | D:4      | Noticed a phantom
  3341 | D:4      | Killed a phantom
  3342 | D:4      | Gained mutation: Your touch may inflict irresistible damage
                  | on your foes. [demonic ancestry]
  3342 | D:4      | Reached XP level 6. HP: 41/41 MP: 5/12
  3547 | D:4      | Reached skill level 6 in Conjurations
  3621 | D:4      | Reached XP level 7. HP: 4/46 MP: 9/14
  3901 | D:4      | Noticed Pikel
  3935 | D:4      | Killed Pikel
  3936 | D:4      | Reached skill level 5 in Spellcasting
  3936 | D:4      | Reached skill level 7 in Conjurations
  3936 | D:4      | Gained mutation: Your touch may irresistibly damage your
                  | foes and sap their willpower. [demonic ancestry]
  3936 | D:4      | Reached XP level 8. HP: 52/52 MP: 10/16
  4304 | D:4      | Learned a level 5 spell: Manifold Assault
  4315 | D:5      | Entered Level 5 of the Dungeon
  4350 | D:5      | Reached skill level 1 in Translocations
  4919 | D:5      | Noticed Blork the orc
  4923 | D:5      | Killed Blork the orc
  4931 | D:5      | Reached skill level 5 in Armour
  5074 | D:5      | Gained mutation: You are mostly covered in yellow scales.
                  | (AC +3) [demonic ancestry]
  5074 | D:5      | Reached XP level 9. HP: 32/57 MP: 13/18
  5164 | D:5      | Reached skill level 8 in Conjurations
  5214 | D:5      | Upgraded the game from 0.29-a0-1052-g6990b1bffc to
                  | 0.29-a0-1065-g47a6bb87d6
  5551 | D:5      | Found a hazy altar of Hepliaklqana.
  6492 | D:6      | Found a runed translucent door.
  6492 | D:6      | Noticed avis's ghost (novice DgIE)
  6706 | D:6      | Noticed Edmund
  6718 | D:6      | Killed Edmund
  6719 | D:6      | Reached skill level 1 in Fighting
  7450 | D:6      | Noticed Maggie
  7456 | D:6      | Killed Maggie
  7495 | D:6      | Found a burning altar of Makhleb.
  7724 | D:6      | Noticed Eustachio
  7732 | D:6      | Killed Eustachio
  7949 | D:7      | Found a staircase to the Ecumenical Temple.
  7958 | Temple   | Entered the Ecumenical Temple
  7962 | Temple   | Became a worshipper of Vehumet
  8026 | D:7      | Found a flagged portal.
  8033 | D:7      | Identified the +2 spear of the Queen {flame, rElec rF+
                  | Will+}
  8043 | Bailey   | Entered a bailey
  8253 | Bailey   | Learned a level 2 spell: Blink
  8782 | Bailey   | Reached XP level 10. HP: 32/70 MP: 21/21
  9017 | Bailey   | Reached skill level 9 in Conjurations
  9426 | Bailey   | Noticed an orc knight
 10003 | Bailey   | Got the Cyclopedia of the Snake and Hypothermia
 10167 | D:7      | Identified the +2 leather armour of Zett {Drain Str+5
                  | Stlth+}
 10469 | D:7      | Slain by a komodo dragon

Illustrated notes

Levels and vault maps discovered:
D:1:      dpeg_arrival_ternary, layout_basic, hellmonk_ecumenical_altar_zigzags,
          st_stairs_2, minmay_hexomino_u4
D:2:      layout_basic, serial_glass, glass_columns_a, glass_columns_c,
          uniq_natasha
D:3:      layout_loops_ring, marbit_many_paths, lemuel_round_altar
D:4:      layout_rooms, mainiacjoe_overflow_cross_hatched, dk_noncrumbling_2,
          kennysheep_crisscross, uniq_pikel
D:5:      layout_cave_pools, mainiacjoe_overflow_six_doors_small,
          serial_column_ruins, column_ruins_hut_pillars, column_ruins_hut_water,
          column_ruins_grid_4, column_ruins_columns_straight,
          column_ruins_grid_1, column_ruins_open_medium, column_ruins_grid_1,
          column_ruins_grid_1, amethyst_killhole, dreamdust_wishing_well,
          kb_lookout_dungeons_type, chequers_serial_rivers_micro_d,
          amcnicky_mini_pool_small, hangedman_decor_riveting, uniq_blork_the_orc
D:6:      layout_layer_cave, makhleb_grotto_becter,
          hellmonk_ghost_happy_afterlife, uniq_eustachio, uniq_maggie,
          uniq_edmund
D:7:      layout_loops_corners, lemuel_zombie_altar_yredelemnul,
          lemuel_temple_firewalk_a, enter_bailey_2, minmay_the_grid_2x2
          [minmay_the_grid_minigrid_small, minmay_the_grid_minigrid_small_alt,
          minmay_the_grid_rooms, minmay_the_grid_prize_four_corners]
Temple:   zaba_magenta_temple

Skill      XL: |  1  2  3  4  5  6  7  8  9 10 |
---------------+-------------------------------+-----
Spellcasting   | 3 4 5 6 7 |  7.7
Conjurations   | 5 6 7 8 9 |  9.3
Armour         | 1 2 4 5 6 |  6.8
Translocations | 2 4 |  4.8
Fighting       | 3 |  3.5
Dodging        | |  1.7
Stealth        | |  1.7

Action                   |  1- 3 |  4- 6 |  7- 9 | 10-12 || total
-------------------------+-------+-------+-------+-------++-------
Melee: Dagger            |     4 |       |    16 |       ||    20
       Flail             |       |       |    28 |       ||    28
       Spear             |       |       |    16 |    11 ||    27
       Touch             |       |       |    15 |     4 ||    19
       Punch             |       |       |     2 |       ||     2
 Cast: Magic Dart        |    91 |    64 |   100 |    26 ||   281
       Searing Ray       |     3 |    13 |    46 |    23 ||    85
Evoke: Wand              |       |       |     7 |       ||     7
  Use: Scroll            |       |       |    14 |       ||    14
       Potion            |       |       |       |     1 ||     1
Armor: Robe              |     3 |     7 |     3 |       ||    13
       Ring mail         |       |       |    78 |    26 ||   104
Dodge: Dodged            |     7 |    12 |    91 |    40 ||   150

Table legend: (Time is in decaauts)
 A = Elapsed time spent in this place.
 B = Non-inter-level travel time spent in this place.
 C = Inter-level travel time spent in this place.
 D = Time resting spent in this place.
 E = Time spent auto-exploring this place.
 F = Levels seen in this place.
 G = Mean time per level.
                   A        B        C        D        E       F      G
               +--------+--------+--------+--------+--------+-----+--------+
         Total |  10459 |  10320 |    139 |   2987 |   4408 |   9 | 1162.1 |
       Dungeon |   8501 |   8362 |    139 |   1983 |   4408 |   7 | 1214.4 |
        Temple |      8 |      8 |      0 |      0 |      0 |   1 |    8.0 |
        Bailey |   1949 |   1949 |      0 |   1004 |      0 |   1 | 1949.0 |
               +--------+--------+--------+--------+--------+-----+--------+

Top non-repeatable levels by time:
  Bailey: 1949 daAuts
     D:5: 1876 daAuts
     D:6: 1444 daAuts
     D:4: 1375 daAuts
     D:1: 1300 daAuts
     D:2: 992 daAuts
     D:3: 819 daAuts
     D:7: 693 daAuts
  Temple: 8 daAuts
